cohdb
Replays
Latest Replays
All Replays
Popular Replays
Top Player Replays
Match Explorer
How It Works
Community
CoH3 Stats
Reddit
Sign in to upload your games and track your stats! →
Sign in with Steam
Match 46011918
Unlisted
Match 46011918
Overview
Messages
Build Orders
End
Construct Barracks
Selects Armored Battlegroup
Riflemen Squad
Riflemen Squad
Riflemen Squad
M1 Mortar Team
Construct Medical Station
Mechanized Support Center
Selects Veteran Crews
Riflemen Squad
Selects Strength in Steel
Construct Motor Pool
Engineer Squad
M1 Anti-tank Gun Team
M1 Anti-tank Gun Team
Selects M8 Scott SPG
M8 Scott SPG
M1918 Browning Automatic Rifles
Grenade Package
Scout Squad
Selects UNKNOWN (2160077)
Selects Field Repairs
M8 Scott SPG
Engineer Squad
M24 Chaffee Light Tank
M24 Chaffee Light Tank
M1 Anti-tank Gun Team
MasterStef
K̳itsuné
0
0
Comments
sign in to comment!
No comments posted yet!